[Event "2nd Bassano Easter 2022"]
[Site "Bassano del Grappa"]
[Date "2022.04.15"]
[Round "4.7"]
[White "Fier, Alexandr"]
[Black "Hommer, Jeremy"]
[Result "1-0"]
[ECO "E51"]
[WhiteElo "2583"]
[BlackElo "2220"]
[Annotator "TA"]
[PlyCount "51"]
[EventDate "2022.04.14"]
[EventType "swiss"]
[EventCountry "ITA"]
[SourceTitle "playchess.com"]
[Source "ChessBase"]
[SourceQuality "1"]
[TimeControl "30/3600+30:1800+30"]

1. d4 e6 2. c4 Nf6 3. Nc3 Bb4 4. e3 O-O 5. Bd2 d5 6. Nf3 b6 7. cxd5 exd5 8. Bd3 {[%emt 0:00:05] E51: Nimzo-Indian: Rubinstein: 4...0-0 5 Nf3 d5.} Re8 9. Qc2 Bxc3 10. Bxc3 {[%emt 0:00:08] The position is equal.} Bb7 11. O-O Nbd7 {[%emt 0:00:34] [#]} 12. b4 $146 ({Predecessor:} 12. Rac1 Qe7 13. b4 c5 14. dxc5 bxc5 15. Bxf6 Nxf6 16. bxc5 Rac8 17. Nd4 Qe5 18. Bb5 {1-0 (27) Nudo,D (1809)-Frydendal,O (1712) ICCF email 2014}) 12... Ne4 13. Bb2 c6 14. a4 a6 15. a5 b5 16. Ne5 Rc8 {[%emt 0:01:43] [#]} (16... Ndf6 $14) 17. f3 $1 $18 ({Don't take} 17. Bxe4 $6 dxe4 18. Nxd7 (18. Qxe4 f6 $17) 18... Qxd7 $14) 17... Nef6 {[%emt 0:00:38] [#]} 18. Nxd7 $1 Nxd7 (18... Qxd7 {is a better defense.} 19. Bf5 Qe7) 19. Bxh7+ Kh8 20. Bf5 Rxe3 21. Bc1 Re8 {[%emt 0:01:24] [#]} 22. Bg5 $1 f6 23. Bf4 {[%emt 1:02:53] Black must now prevent Bd6.} Ra8 $2 (23... Nf8 {was called for.} 24. Bxc8 Qxc8) 24. Bg6 {[%emt 0:00:00] Hoping for Qf5. This bishop pair is nice.} Re6 $2 (24... Re7 $18 25. Bd6 (25. Qf5 Nf8 $16) 25... Nf8) 25. Qf5 Nf8 26. Qh5+ {[%emt 0:00:00] Black did not feel at home in the position after the opening.  Weighted Error Value: White=0.11 (very precise) /Black=0.66} 1-0

[Event "2nd Bassano Easter 2022"]
[Site "Bassano del Grappa"]
[Date "2022.04.15"]
[Round "4.8"]
[White "Hess, Max"]
[Black "Wyss, Jonas"]
[Result "1-0"]
[ECO "D78"]
[WhiteElo "2395"]
[BlackElo "2265"]
[Annotator "TA"]
[PlyCount "81"]
[EventDate "2022.04.14"]
[EventType "swiss"]
[EventCountry "ITA"]
[SourceTitle "playchess.com"]
[Source "ChessBase"]
[SourceQuality "1"]
[TimeControl "30/3600+30:1800+30"]

1. d4 Nf6 2. Nf3 g6 3. g3 Bg7 4. Bg2 d5 5. O-O O-O 6. c4 c6 7. b3 dxc4 8. bxc4 c5 {[%emt 0:00:09] D78: Fianchetto Grünfeld: 6 0-0 c6.} 9. Bb2 Qb6 10. Qc1 Ne4 {[%emt 0:04:34][%cal Rc5d4] The position is equal.} 11. e3 Nc6 12. Ne5 Nd6 {[%emt 0:02:06] [#]} 13. Nd3 $146 (13. Nxc6 $14 bxc6 14. Nd2) ({Predecessor:} 13. dxc5 Qxc5 14. Nxc6 bxc6 15. Bxg7 Kxg7 16. Nd2 Be6 17. Nb3 Qxc4 18. Qb2+ f6 19. Rac1 {½-½ (31) Ladva,O (2522)-Meskovs,N (2546) Chess.com INT 2018}) 13... cxd4 $11 14. c5 Qb5 15. cxd6 Qxd3 16. dxe7 Re8 ({Resist} 16... Nxe7 17. Rd1 Qa6 18. Bxd4 $14) 17. Rd1 Qe2 {[%emt 0:05:48] And now ...dxe3 would win.} 18. exd4 Rxe7 $2 (18... Qxe7 $15 {stays ahead.} 19. d5 Ne5) 19. Nc3 $36 {[%emt 0:02:52][%cal Bb1c3,Bc3d5,Bd5f4][%mdl 2080] Keeping Black busy. White now steadily converts the win.} Qh5 20. Nd5 $1 Rd7 21. Nf4 Qb5 22. Rb1 Qa4 23. d5 Nd4 $2 (23... Bxb2 24. Qxb2 Rd6) 24. Qe3 {[%emt 0:00:48] Hoping for Qe8+.} Nf5 25. Qe8+ Bf8 26. Bh3 Qa5 (26... Qa6 $142 27. Bxf5 Re7 28. Qxc8 Rxc8 29. Bxc8 Re8) 27. Bxf5 {[%emt 0:02:22][%cal Oe8e5] White wants to mate with Qe5!} Re7 {[%emt 0:00:48] Against Qe5} 28. Qxc8 Rxc8 29. Bxc8 {[%emt 0:00:05] This bishop pair is nice.} Rc7 30. Bh3 Rc2 31. Bd4 b5 32. Be3 {[%emt 0:07:22] Threatens to win with d6.} Bd6 33. Rbc1 Qxa2 34. Ra1 Qc4 35. Rxa7 b4 (35... Ra2 $142 36. Rb7 Qb3) 36. Bd4 {[%emt 0:03:15] aiming for Ra8+.} Ra2 37. Rxa2 Qxa2 38. Ra1 Qc4 39. Ra8+ Bf8 {[%emt 0:00:05] [#]} 40. Nxg6 $4 fxg6 $4 (40... hxg6 $19 41. Be3 b3) 41. Be6# {[%emt 0:00:13] Weighted Error Value: White=0.65/Black=0.99} 1-0

[Event "2nd Bassano Easter 2022"]
[Site "Bassano del Grappa"]
[Date "2022.04.15"]
[Round "4.9"]
[White "Schlegel, Igor"]
[Black "Baum, Jonasz"]
[Result "0-1"]
[ECO "B53"]
[WhiteElo "2139"]
[BlackElo "2287"]
[Annotator "TA"]
[PlyCount "80"]
[EventDate "2022.04.14"]
[EventType "swiss"]
[EventCountry "ITA"]
[SourceTitle "playchess.com"]
[Source "ChessBase"]
[SourceQuality "1"]
[TimeControl "30/3600+30:1800+30"]

1. e4 c5 2. Nf3 d6 3. d4 cxd4 4. Qxd4 Nf6 5. Be2 g6 6. O-O {[%emt 0:02:36] B53: Sicilian: 2...d6: Lines with Qxd4.} Bg7 7. h3 O-O 8. Rd1 {[%emt 0:00:36] The position is equal.} Be6 {[%emt 0:08:47] [#]} 9. Nc3 $146 {[%emt 0:02:03] [#]} (9. Ng5 $11) ({Predecessor:} 9. c4 Nbd7 10. Nc3 Rc8 11. Bg5 b6 12. Rac1 a6 13. b3 Qc7 14. Qe3 Rfe8 15. Nd5 Bxd5 16. cxd5 {1-0 (39) Mazi,L (2360)-Delgado,A (2116) Chess.com INT 2020}) 9... Nbd7 ({Black should try} 9... Nd5 $1 $15 10. e5 (10. Qd3 Nxc3) 10... Nxc3 11. Qxc3 Nc6) 10. Qe3 $11 Qc7 11. Nd4 Bc4 12. Bxc4 Qxc4 13. b3 Qc5 14. Bb2 Rfe8 15. Na4 Qc7 16. c4 a6 17. Rac1 Rad8 18. Nc3 e6 19. Nf3 Nc5 20. b4 Ncd7 21. Qd4 (21. c5 $11 dxc5 22. e5) 21... Nb6 22. Nb5 $2 axb5 $19 23. cxb5 Qb8 (23... e5 24. Rxc7 exd4 25. Rxb7 (25. Bxd4 Na4 $17)) 24. Qxb6 Nd7 {[%emt 0:00:18][%mdl 64] Discovered Attack} 25. Qxd6 Bxb2 26. Qxb8 Nxb8 ({But not} 26... Rxb8 27. Rc2 Nf6 28. e5 $16 (28. Rxb2 Nxe4 29. Rc2 Nf6 $16)) 27. Rxd8 Rxd8 28. Rc7 {[%emt 0:00:06] [#]} b6 (28... Rd1+ $1 $19 29. Kh2 Nd7 30. Rxb7 Ba3) 29. a4 $17 Nd7 ({Better is} 29... Ba3 $17 30. Rc4 Rd1+ 31. Kh2 Nd7) 30. a5 $11 Ne5 {[%emt 0:00:00][%cal Bd7e5,Be5d3,Bd3e1][%mdl 32] ...Rd1+ is the strong threat.} 31. Ne1 $1 Nd3 32. Rc2 {[%emt 0:24:38] Black must now prevent Nxd3.} Nxe1 33. Rxb2 {[%emt 0:00:01][%mdl 4096] Endgame KRN-KR} Rd1 ({Don't do} 33... Nd3 34. Rd2 $14) 34. Kh2 Nd3 35. Rc2 Nxb4 36. Rc8+ Kg7 37. axb6 (37. a6 $1 $11 {and White stays safe.} Ra1 38. Rb8) 37... Rd7 $19 38. Rc7 {[%emt 0:00:06] [#]} Rd6 ({And not} 38... Rd8 39. b7 Rb8 40. Kg3 $11) 39. Rc4 {[%emt 0:00:08] Strongly threatening e5.} Nd3 40. Rc6 Rd8 {[%emt 0:00:48] Weighted Error Value: White=0.35/Black=0.15 (very precise)} 0-1

[Event "2nd Bassano Easter 2022"]
[Site "Bassano del Grappa"]
[Date "2022.04.15"]
[Round "4.10"]
[White "Colbow, Collin"]
[Black "Ciolek, Andreas"]
[Result "1-0"]
[ECO "B23"]
[WhiteElo "2370"]
[BlackElo "2194"]
[Annotator "TA"]
[PlyCount "77"]
[EventDate "2022.04.14"]
[EventType "swiss"]
[EventCountry "ITA"]
[SourceTitle "playchess.com"]
[Source "ChessBase"]
[SourceQuality "1"]
[TimeControl "30/3600+30:1800+30"]

1. e4 c5 2. Nc3 a6 3. Nge2 d6 4. d4 cxd4 5. Qxd4 Nc6 6. Qd2 {[%emt 0:00:06] [#] B23: Closed Sicilian: Lines without g3.} g6 $146 ({Predecessor:} 6... Nf6 7. b3 e6 8. Bb2 b5 9. O-O-O Qb6 10. f3 h5 11. Kb1 Bb7 12. Nf4 Be7 {1-0 (75) Tomczak,J (2625)-Saric,I (2650) Germany 2021}) 7. b3 Bg7 8. Bb2 {[%emt 0:00:06] White is slightly better.} Nh6 (8... b5 $11 {remains equal.}) 9. f3 f5 10. O-O-O Rf8 ({Black should try} 10... Qa5) 11. Nd5 $16 Bxb2+ 12. Kxb2 Nf7 13. exf5 gxf5 (13... Bxf5 {was called for.} 14. g3 h5) 14. Qe3 $40 {[%emt 0:11:28][%cal Rd5f6][%mdl 128] White has strong attack.} e6 15. Nef4 Nce5 16. Nb6 Rb8 17. Nc4 (17. Bc4 $142) 17... Qf6 (17... Qc7 $142 18. Nb6 (18. Nxd6+ Nxd6 19. Kb1 Ndf7 $15) 18... Qc5 19. Qxc5 dxc5 20. Nxc8 Rxc8 21. Nxe6 Rg8) 18. Kb1 (18. Nxd6+ Nxd6 19. Kb1 (19. Qd4 Ndf7 $17) 19... Ndf7 $15) 18... d5 {[%emt 0:01:39] [#]} (18... Nc6 {keeps fighting.} 19. Nxd6+ Nxd6) 19. Nxd5 $2 exd5 $16 20. Nxe5 {[%emt 0:01:03] &Bianco is more active.} Be6 $2 {[%emt 0:02:13] This move loses the game for Black.} (20... Nxe5 $2 21. Rxd5 Kf7 22. Rxe5 $18) (20... Qxe5 $16 21. Qxe5+ Nxe5) 21. f4 Nd6 $2 (21... Nxe5 {was worth a try.} 22. fxe5 f4) 22. Be2 Ne4 23. Bh5+ Ke7 24. Bf3 (24. Qb6 Bd7 25. Qd4 Qd6 $18) 24... Rfc8 25. Bxe4 ({Don't do} 25. c4 dxc4 26. bxc4 Ke8 $18) 25... fxe4 26. Rd2 ({Weaker is} 26. c4 dxc4 27. bxc4 Rd8 $18) 26... Rc7 27. Rhd1 ({Not} 27. Qb6 Rbc8 28. Qd4 b5 $18) 27... b5 $2 {[%emt 0:00:24] [#]} (27... Rbc8 28. c4 dxc4) 28. Nc6+ $1 $18 Rxc6 29. Qa7+ {[%emt 0:00:03][%mdl 64] Skewer, Double Attack} Bd7 (29... Ke8 $142) 30. Qxb8 Qc3 31. Qg8 Bf5 32. Qxd5 {[%emt 0:01:57] Intending Qd8+ and mate.} e3 33. Qd8+ {[%emt 0:04:10] White mates.} Kf7 {[%emt 0:00:40] [#]} 34. Rd7+ $1 Bxd7 35. Rxd7+ Ke6 36. Qe7+ Kf5 37. Rd5+ Kg6 38. Rg5+ Kh6 39. Qf8+ {[%emt 0:00:09] Weighted Error Value: White=0.31/Black=0.66} 1-0

[Event "2nd Bassano Easter 2022"]
[Site "Bassano del Grappa"]
[Date "2022.04.16"]
[Round "5.1"]
[White "Nesterov, Arseniy"]
[Black "Bernadskiy, Vitaliy"]
[Result "1/2-1/2"]
[ECO "E32"]
[WhiteElo "2522"]
[BlackElo "2601"]
[Annotator "TA"]
[PlyCount "28"]
[EventDate "2022.04.14"]
[EventType "swiss"]
[EventCountry "ITA"]
[SourceTitle "playchess.com"]
[Source "ChessBase"]
[SourceQuality "1"]
[TimeControl "30/3600+30:1800+30"]

1. d4 Nf6 2. c4 e6 3. Nc3 Bb4 4. Qc2 d6 5. Nf3 O-O 6. a3 Bxc3+ 7. Qxc3 b6 8. e3 Bb7 9. Be2 Nbd7 10. O-O Ne4 11. Qc2 c5 12. b4 {[%emt 0:10:43] E32: Nimzo-Indian: Classical (4 Qc2): 4...0-0.} Qe7 13. Bb2 a5 14. bxc5 {[%emt 0:00:47] [#]} dxc5 $146 {[%emt 0:00:44] Black got outplayed after the opening.  Weighted Error Value: White=0.07 (flawless) /Black=0.08 (flawless)} ({Predecessor:} 14... bxc5 15. Rab1 Rfb8 16. Bd3 f5 17. Ba1 d5 18. Ne5 Nxe5 19. dxe5 Rd8 20. Rfd1 a4 {½-½ (42) Michaud,F (2027)-Krejcir,S (2140) ICCF email 2020}) 1/2-1/2

[Event "2nd Bassano Easter 2022"]
[Site "Bassano del Grappa"]
[Date "2022.04.16"]
[Round "5.2"]
[White "Basso, Pier Luigi"]
[Black "Gallego Alcazar, Andres Felipe"]
[Result "1-0"]
[ECO "E60"]
[WhiteElo "2600"]
[BlackElo "2523"]
[Annotator "TA"]
[PlyCount "101"]
[EventDate "2022.04.14"]
[EventType "swiss"]
[EventCountry "ITA"]
[SourceTitle "playchess.com"]
[Source "ChessBase"]
[SourceQuality "1"]
[TimeControl "30/3600+30:1800+30"]

1. d4 Nf6 2. c4 g6 3. h4 c5 4. d5 b5 5. cxb5 a6 6. e3 {[%emt 0:05:01] E60: King's Indian: Unusual lines and Fianchetto Variation without Nc3.} axb5 7. Bxb5 Qa5+ 8. Nc3 {[%emt 0:00:06] The position is equal.} Ne4 (8... Ba6 $11 9. Bxa6 Qxa6) 9. Bd2 Nxd2 10. Qxd2 Bg7 11. Nge2 {[%emt 0:01:01] [#]} O-O $146 ({Predecessor:} 11... Ba6 12. Bxa6 Nxa6 13. O-O O-O 14. Rfd1 d6 15. Rab1 Rfb8 16. g3 Rb7 17. Kg2 Nc7 {0-1 (42) Hasseine,M (2157)-Kirk,E (2447) Playchess.com INT 2021}) 12. h5 d6 13. hxg6 hxg6 14. Rh4 Ba6 15. Bxa6 Nxa6 16. g3 Rfb8 17. Kf1 Rb4 18. Rxb4 cxb4 19. Ne4 Nc7 {[%emt 0:05:04][%mdl 1024] Black has compensation.} 20. Nf4 {[%emt 0:00:46] [#]} (20. a4 $11) 20... Qb5+ (20... f5 $1 $17 21. Ng5 b3 22. Qxa5 Rxa5) 21. Kg2 Be5 22. Rc1 Qb7 23. Rc4 $36 {[%emt 0:04:46][%mdl 2048] White is more active.} Bxf4 24. Rxb4 Qxd5 {[%emt 0:00:43] [#] aiming for ...Be5.} 25. gxf4 {[%emt 0:00:17] Strongly threatening Qxd5.} Qxa2 26. Ng3 Qd5+ 27. Qxd5 Nxd5 $11 {[%emt 0:00:07][%mdl 4096] Endgame KRN-KRN} 28. Rb5 e6 (28... Nf6 $11) 29. Ne4 $16 Ra6 30. Rb7 e5 31. fxe5 dxe5 32. Rb5 Ra4 {[%emt 0:16:04] White now steadily converts the win.} 33. Nd6 ({Much weaker is} 33. Rxd5 $6 Rxe4 34. Rb5 Kg7 $11) 33... Ne7 34. Rxe5 Ra6 35. Rxe7 $18 Rxd6 {[%emt 0:00:01] KR-KR} 36. b4 $2 (36. Rb7 $18) 36... Rd2 $2 (36... Rb6 $16 {keeps fighting.}) 37. b5 Rb2 38. Rb7 Kg7 39. b6 Kf6 40. Kf3 Ke6 41. Rb8 Kd6 42. Kg3 Ke6 43. f3 Rb4 44. e4 Rb3 45. Kg4 Rb5 $2 (45... Kf6 46. b7 Rb4) 46. f4 {[%emt 0:00:20] Hoping for e5.} Rb1 $2 (46... Kf6 47. e5+ Kg7) 47. Kg5 {[%emt 0:02:15] Threatening mate with b7.} Ke7 48. b7 {[%emt 0:01:03] White mates.} Rb6 49. e5 Rb5 50. Kh6 Rb1 51. Kg7 {[%emt 0:00:07] Weighted Error Value: White=0.11 (very precise) /Black=0.37} 1-0

[Event "2nd Bassano Easter 2022"]
[Site "Bassano del Grappa"]
[Date "2022.04.16"]
[Round "5.3"]
[White "Heberla, Bartlomiej"]
[Black "Fischer, Daniel"]
[Result "1-0"]
[ECO "E04"]
[WhiteElo "2570"]
[BlackElo "2356"]
[Annotator "TA"]
[PlyCount "49"]
[EventDate "2022.04.14"]
[EventType "swiss"]
[EventCountry "ITA"]
[SourceTitle "playchess.com"]
[Source "ChessBase"]
[SourceQuality "1"]
[TimeControl "30/3600+30:1800+30"]

1. Nf3 d5 2. d4 Nf6 3. c4 e6 4. g3 Bb4+ 5. Nbd2 dxc4 6. Bg2 b5 {[%emt 0:01:02] Against Qa4. E04: Open Catalan: 5 Nf3.} 7. O-O O-O 8. a4 c6 {[%emt 0:00:42] The position is equal.} 9. Ne1 Nd5 ({Resist} 9... Qxd4 10. Nc2 Qc5 11. axb5 $14) 10. Nc2 Be7 11. e4 Nf6 {[%emt 0:01:14] 11...Nb6 is the hot move.} 12. e5 Nd5 13. Ne4 {[%emt 0:00:07] [#]} Bb7 $146 ({Black should play} 13... b4 $11) ({Predecessor:} 13... b4 14. Qg4 Kh8 15. Ng5 h6 16. Ne4 Nd7 17. Qh5 Qe8 18. Bxh6 f5 19. Qh3 Kg8 {½-½ (40) Morrow,W (2524)-Copar,A (2531) ICCF email 2017}) 14. Qg4 $14 Kh8 15. Bg5 f5 (15... b4 $14) 16. exf6 $1 $16 {[%emt 0:00:16][%mdl 64] Discovered Attack} gxf6 (16... Nxf6 $16 17. Nxf6 (17. Qxe6 Bc8 $16) 17... Bxf6) 17. Bh6 $18 Rg8 {[%emt 0:00:09] Against Qg7+} 18. Qxe6 {[%emt 0:19:30] Black must now prevent Qf7.} Bc8 19. Qf7 $40 {[%emt 0:00:17][%mdl 128] Threatens to win with axb5. Black is in trouble.} Rg6 (19... Bf8 {was called for.}) 20. Nc3 Nc7 {[%emt 0:22:51] [#]} (20... Nxc3 {was worth a try.} 21. Rfe1 Nd5) 21. Rfe1 $1 {[%emt 0:00:29] White is clearly winning.} Bd6 {[%emt 0:00:46] [#]} 22. axb5 $1 Rxh6 23. b6 Qg8 (23... axb6 $2 24. Rxa8 Bg4 {[#]} 25. Bxc6 $1 ) (23... Qd7 $142 24. Qxd7 Bxd7) 24. Qxg8+ Kxg8 25. bxc7 {[%emt 0:00:24] Weighted Error Value: White=0.07 (flawless) /Black=0.39} 1-0

[Event "2nd Bassano Easter 2022"]
[Site "Bassano del Grappa"]
[Date "2022.04.16"]
[Round "5.4"]
[White "Baum, Jonasz"]
[Black "Fier, Alexandr"]
[Result "1/2-1/2"]
[ECO "E63"]
[WhiteElo "2287"]
[BlackElo "2583"]
[Annotator "TA"]
[PlyCount "52"]
[EventDate "2022.04.14"]
[EventType "swiss"]
[EventCountry "ITA"]
[SourceTitle "playchess.com"]
[Source "ChessBase"]
[SourceQuality "1"]
[TimeControl "30/3600+30:1800+30"]

1. d4 Nf6 2. c4 g6 3. g3 Bg7 4. Bg2 O-O 5. Nf3 d6 6. O-O Nc6 7. Nc3 a6 8. Bf4 {[%emt 0:00:00] 8.b3 is the modern continuation.} h6 {[%emt 0:01:13] E63: King's Indian: Fianchetto: Panno Variation with 7...a6.} 9. b3 (9. e4 {looks sharper.} Nxd4 10. Qxd4 e5 11. Nxe5 Ng4 12. Nxf7 Rxf7 13. Qd2) 9... Rb8 10. Rc1 g5 {[%emt 0:00:13] [#] White is slightly better.} 11. d5 $1 gxf4 12. dxc6 fxg3 13. hxg3 b6 {[#]} 14. Qc2 $146 ({Predecessor:} 14. Qd3 e6 15. Rfd1 Qe7 16. e3 Rd8 17. Nd4 Ng4 18. Qe2 h5 19. Bh3 Qg5 20. Nf3 {0-1 (45) Giri,A (2734)-Wang,H (2735) Beijing 2013}) 14... Ng4 15. Nd5 e6 16. Nf4 f5 17. Rcd1 Qe8 (17... Rf7 $11 {was preferrable.}) 18. Rfe1 e5 (18... Qxc6 $2 19. Nd4 Qe8 20. Ndxe6 $1 $18 ) 19. Nd5 Rf7 20. e4 f4 ({Much less strong is} 20... Qxc6 21. exf5 Qd7 22. Nh4 $16) 21. gxf4 exf4 22. e5 {[%emt 0:00:00] Strongly threatening exd6.} dxe5 (22... Bf5 $11 23. Qe2 Nxe5 24. Nxe5 Bxe5) 23. Qg6 $14 Qe6 24. Qh5 {[%emt 0:00:00][%cal Od5c7] Hoping for Nxc7!} e4 (24... Qxc6 $2 25. Nxe5 Nxe5 26. Rxe5 Bxe5 {[#]} 27. Ne7+ $1 Rxe7 28. Rd8+ (28. Bxc6 Bg4 $18) 28... Kg7 29. Bxc6 $18) 25. Nd4 {[%emt 0:03:49] Pair of Knights!} Qe5 26. Qxe5 {[%emt 0:00:42] Really sharp! 0x0.002037565f53dp-1022s more active pieces. The black rooks are badly placed.} Nxe5 {[%emt 0:00:35] Weighted Error Value: White=0.08 (flawless) /Black=0.13 (very precise)} 1/2-1/2

[Event "2nd Bassano Easter 2022"]
[Site "Bassano del Grappa"]
[Date "2022.04.16"]
[Round "5.5"]
[White "Colbow, Collin"]
[Black "Postny, Evgeny"]
[Result "0-1"]
[ECO "C84"]
[WhiteElo "2370"]
[BlackElo "2567"]
[Annotator "TA"]
[PlyCount "94"]
[EventDate "2022.04.14"]
[EventType "swiss"]
[EventCountry "ITA"]
[SourceTitle "playchess.com"]
[Source "ChessBase"]
[SourceQuality "1"]
[TimeControl "30/3600+30:1800+30"]

1. e4 e5 2. Nf3 Nc6 3. Bb5 a6 4. Ba4 Nf6 5. O-O Be7 6. d3 b5 7. Bb3 d6 8. a4 b4 9. a5 O-O 10. Nbd2 Be6 {[%emt 0:00:30] C84: Closed Ruy Lopez: Unusual White 6th moves.} 11. Nc4 h6 12. Re1 Qc8 {[%emt 0:00:30] The position is equal.} 13. h3 Rd8 14. Qe2 Qb7 15. Be3 {[%emt 0:00:30] [#]} Na7 $146 ({Predecessor:} 15... Bf8 16. Nh2 d5 17. exd5 Nxd5 18. Nf3 f6 19. Ncd2 Bf7 20. Nh4 Qc8 21. Qf3 Nce7 {1-0 (60) Hracek,Z (2613)-Havasi,G (2377) Hungary 2018}) 16. d4 Nxe4 17. dxe5 {[%emt 0:00:30] Strongly threatening Nd4.} d5 18. Ncd2 Nxd2 19. Nxd2 ({Of course not} 19. Bxd2 c5 $15) 19... Nb5 20. f4 c5 {[%emt 0:00:30] White should prevent ...c4.} 21. Qf3 Qd7 (21... Qc8 $5 ) 22. g4 (22. Rad1 $14 {keeps the upper hand.}) 22... c4 $17 23. f5 {[%emt 0:00:30] [#] Ba4 is the strong threat.} cxb3 24. Nxb3 Rac8 {[%emt 0:00:30][%cal Od5d4] Hoping for ...d4!} 25. fxe6 fxe6 ({But not} 25... Qxe6 $6 26. Bb6 $11) 26. Rf1 Rf8 {[%emt 0:00:30] Against Qf7+} 27. Qe2 Qc7 $36 {[%emt 0:00:30][%csl LRc2,LRe5][%mdl 2048] Black is on the roll.} 28. Rxf8+ Bxf8 ({Not} 28... Rxf8 29. Bb6 Qc6 30. Rf1 $11) 29. Bb6 (29. Qh2 $17) 29... Qxc2 $19 30. Qxc2 Rxc2 31. Rb1 Be7 32. Bf2 Kf7 33. Kf1 Ke8 34. Nc1 Kd7 35. Ke1 Rc4 36. Nd3 Nd4 37. Bxd4 Rxd4 {[%emt 0:00:30][%mdl 4096] Endgame KRB-KRN} 38. Ke2 Re4+ 39. Kf2 b3 {[%emt 0:00:30] White must now prevent ...Kc6.} 40. Rc1 Rc4 41. Ke2 Bg5 42. Rxc4 {[%emt 0:00:30] [#]} (42. Ra1 Kc6 43. Kf3) 42... dxc4 {[%emt 0:00:30][%cal Bd5c4,Bc4c3,Bc3c2][%mdl 32] KB-KN} 43. Nc5+ Kc6 44. Nxa6 c3 45. Nb4+ Kb5 46. a6 Kb6 (46... cxb2 $142 47. a7 b1=Q 48. a8=Q Qb2+ 49. Kf1 Qc1+ 50. Kg2 Qd2+ 51. Kg3 Qf4+ 52. Kg2 Qd2+ 53. Kf1 Qxb4 54. Kf2 Bh4+ 55. Kf3 Qc3+ 56. Kg2 Qd2+ 57. Kg1 Bf2+ 58. Kh1 Qe1+ 59. Kg2 Qg1+ 60. Kf3 Qh1+ 61. Kxf2 Qxa8 62. h4 b2 63. Kg3 b1=Q 64. Kf2 Qc2+ 65. Kg3 Qag2+ 66. Kf4 Qgf2#) 47. Nd3 c2 {[%emt 0:00:30] Weighted Error Value: White=0.52/Black=0.27 (precise)} 0-1

[Event "2nd Bassano Easter 2022"]
[Site "Bassano del Grappa"]
[Date "2022.04.16"]
[Round "5.6"]
[White "Huber, Benedikt"]
[Black "Nikolov, Momchil"]
[Result "1-0"]
[ECO "A62"]
[WhiteElo "2191"]
[BlackElo "2501"]
[Annotator "TA"]
[PlyCount "55"]
[EventDate "2022.04.14"]
[EventType "swiss"]
[EventCountry "ITA"]
[SourceTitle "playchess.com"]
[Source "ChessBase"]
[SourceQuality "1"]
[TimeControl "30/3600+30:1800+30"]

1. d4 Nf6 2. c4 e6 3. g3 c5 4. d5 exd5 5. cxd5 d6 6. Nc3 g6 7. Bg2 Bg7 8. Nf3 O-O 9. O-O Re8 10. Bf4 Na6 {[%emt 0:03:21] Recently 10...Bf5 got a lot of attention.} 11. Re1 {[%emt 0:00:38] A62: Modern Benoni: Fianchetto Variation without early ...Nbd7.} Nc7 12. e4 Bg4 13. h3 {[%emt 0:01:05] White is slightly better.} Bxf3 14. Bxf3 Qd7 {[%emt 0:00:53] [#]} 15. e5 $146 ({Predecessor:} 15. Kg2 b5 16. e5 dxe5 17. Bxe5 Rad8 18. Qd2 Rxe5 19. Rxe5 b4 20. Ne4 Nxe4 21. Rxe4 {½-½ (40) Ruck,R (2573)-Anka,E (2390) Hungary 2002}) 15... dxe5 16. Bxe5 Rad8 (16... Nfxd5 $2 17. Bxg7 Rxe1+ 18. Qxe1 $18) 17. Qb3 b6 18. Rad1 {[%emt 0:03:41] &Bianco is more active.} Re7 (18... Nfxd5 $2 19. Bxg7 Rxe1+ 20. Rxe1 $18) (18... h6 $16 {was called for.}) 19. d6 $18 Rxe5 20. Rxe5 Ne6 21. Be2 {[%emt 0:04:47] Bb5 is the strong threat.} Ne8 $2 {[%emt 0:08:41] [#] A mistake that costs the game.} (21... Nd4 $2 {[#]} 22. Rxd4 $1 cxd4 23. Re7 $1 Qxe7 24. dxe7 $18) (21... Qc8 $16 22. Nb5 a6) 22. Bb5 $1 Qb7 (22... Qxb5 23. Nxb5) 23. Rxe6 fxe6 24. Bxe8 Rxe8 25. d7 Rd8 26. Qxe6+ {[%emt 0:00:07] White mates.} Kf8 27. Ne4 Bd4 {[%emt 0:01:34] [#]} 28. Rxd4 $1 {[%emt 0:00:31][%mdl 512] Weighted Error Value: White=0.00 (flawless) /Black=1.18} 1-0